 Dungeon Sprint DCSS version 0.19.5 (webtiles) character file.

20348 Groucho the Warrior (level 12, -16/88 HPs)
             Began as a Gargoyle Fighter on Mar 4, 2017.
             Was the Champion of Cheibriados.
             Demolished by a white very ugly thing (44 damage)
             ... in the Dungeon (Sprint IX: "|||||||||||||||||||||||||||||") on Mar 11, 2017.
             The game lasted 00:08:09 (3479 turns).

Groucho the Warrior (Gargoyle Fighter)              Turns: 3479, Time: 00:08:10

Health: -16/88     AC: 41    Str: 34    XL:     12   Next: 78%
Magic:  17/23      EV: 21    Int: 26    God:    Cheibriados [******]
Gold:   1748       SH:  0    Dex: 28    Spells: 0 memorised, 11 levels left

rFire  + . .     SeeInvis .     H - +3 dire flail (protect)
rCold  . . .     Gourm    .     m - +3 chain mail
rNeg   + . .     Faith    .     (shield currently unavailable)
rPois  ∞         Spirit   .     D - +0 helmet
rElec  +         Reflect  .     o - +0 cloak
rCorr  .         Harm     .     n - +0 pair of gloves
MR     .....     NoTele   +     y - +0 pair of boots
Stlth  ..........               (no amulet)
                                F - ring of protection from fire
                                r - +2 ring of protection

@: protection aura, very slow
A: negative energy resistance 1, electricity resistance, unbreathing,
petrification resistance, rot immunity, AC +8
a: Bend Time, Temporal Distortion, Slouch, Step From Time, Renounce Religion


You were in the Dungeon.
You worshipped Cheibriados.
Cheibriados was exalted by your worship.
You were not hungry.

You visited 1 branch You collected 1910 gold pieces.
You spent 162 gold pieces at shops.

Inventory:

Hand Weapons
 c - the +6 scythe "Beetleslayer" {venom, +Inv rC+ Str+3}
   (You found it in the Dungeon)

   It poisons the flesh of those it strikes.
   It affects your strength (+3).
   It protects you from cold.
   It lets you turn invisible.
 H - a +3 dire flail of protection (weapon)
Armour
 m - a +3 chain mail (worn)
 n - a +0 pair of gloves (worn)
 o - a +0 cloak (worn)
 x - a +1 shield of reflection
 y - a +0 pair of boots (worn)
 C - a +0 plate armour
 D - a +0 helmet (worn)
Jewellery
 r - a +2 ring of protection (left hand)
 E - an uncursed ring of ice
 F - a ring of protection from fire (right hand)
 G - an uncursed ring of protection from fire
Wands
 l - a wand of iceblast (7/15)
Scrolls
 h - 4 scrolls of remove curse
 j - 2 scrolls of amnesia
 k - 3 scrolls of blinking
 q - 4 scrolls of enchant weapon
 u - a scroll of fear
 v - 3 scrolls of identify
 w - a scroll of recharging
 I - 2 scrolls of enchant armour
Potions
 a - 2 potions of brilliance
 b - a potion of agility
 d - a potion of invisibility
 e - 9 potions of curing
 i - 3 potions of magic
 p - 2 potions of cure mutation
 s - a potion of might
 t - a potion of resistance
 z - a potion of flight
Comestibles
 f - 13 bread rations
 A - 40 fruits
 B - 11 meat rations


   Skills:
 * Level 15.8 Fighting
 * Level 15.0 Maces & Flails
 * Level 15.7 Armour
 * Level 11.9 Dodging
 - Level 5.8 Shields
 * Level 14.8 Invocations


You had 11 spell levels left.
You didn't know any spells.

Dungeon Overview and Level Annotations

Branches:
Dungeon (1/1)

Altars:
Cheibriados
Dithmenos
Elyvilon
Fedhas
Gozag
Hepliaklqana
Kikubaaqudgha
Makhleb
Nemelex Xobeh
Okawaru
Qazlal
Ru
Sif Muna
Trog
Uskayaw
Vehumet
Xom
Yredelemnul
Zin
The Shining One
Beogh
Jiyva
Lugonu

Shops:
D ![([


Innate Abilities, Weirdness & Mutations

You are resistant to torment.
Your stone body is resilient. (AC +8)
You are immune to poison.
You resist negative energy. (rN+)
You are resistant to electric shocks. (rElec)
You can survive without breathing.
You are immune to petrification.
You are immune to rotting.


Message History

The yaktaur shouts!
Something hits you but does no damage.
You miss something.
You bludgeon the white very ugly thing!!
The white very ugly thing is moderately wounded.
Your chain mail prevents you from hitting the white very ugly thing.
The white very ugly thing is moderately wounded.
You bludgeon the white very ugly thing!!
The white very ugly thing is heavily wounded.
The white very ugly thing headbutts you!
The white very ugly thing freezes you!!!
Ouch! That really hurt!
* * * LOW HITPOINT WARNING * * *
You are too injured to fight recklessly!
Unknown command.
You feel much better.
The white very ugly thing headbutts you.
The white very ugly thing freezes you!!!
Ouch! That really hurt!
You die...

▓_▓.▓.▓.▓.▓.▓.▓
▓_▓.▓.▓.▓)▓.▓.▓
▓_▓.▓.▓.▓.▓.▓.▓
▓_▓.▓÷▓.▓.▓.▓.▓
▓_▓.▓.▓.▓.▓.▓.▓
▓_▓.▓.▓.▓.▓.▓.▓
▓.▓.▓.▓.▓'▓.▓.▓
▓'▓.▓†▓.▓[▓.▓)▓
▓.▓.▓†▓.▓[▓.▓@▓
▓.▓.▓.▓.▓)▓.▓u▓
▓|▓.▓.▓.▓.▓.▓{▓
▓(▓.▓.▓.▓[▓.▓c▓
▓.▓.▓.▓.▓∩▓.▓.▓
▓.▓.▓.▓.▓.▓.▓.▓
▓.▓.▓.▓.▓∩▓.▓.▓
▓.▓.▓.▓.▓)▓.▓.▓
▓(▓.▓(▓.▓∩▓.▓


You could see a white very ugly thing and a yaktaur.

Vanquished Creatures
  A frost giant (D)
  A stone giant (D)
  2 hydras (D)
  9 orc high priests (D)
  An unseen horror (D)
  2 hill giants (D)
  3 orc knights (D)
  A deep elf mage (D)
  An ugly thing (D)
  8 elephants (D)
  Maurice (D)
  A spiny frog (D)
  A tengu conjurer (D)
  2 komodo dragons (D)
  A two-headed ogre (D)
  A troll (D)
  A hippogriff (D)
  A blink frog (D)
  A basilisk (D)
  Grum (D)
  3 water moccasins (D)
  9 orc warriors (D)
  4 porcupines (D)
  A sky beast (D)
  A phantom (D)
  3 wolves (D)
  2 centaurs (D)
  2 crocodiles (D)
  A bullfrog (D)
  A hound (D)
  9 orc priests (D)
  6 orc wizards (D)
  A worker ant (D)
  An adder (D)
  6 orcs (D)
  A bat skeleton (D)
  A bat zombie (D)
  3 hobgoblins (D)
  A jackal (D)
  A quokka (D)
  A bat (D)
  A kobold (D)
99 creatures vanquished.

Notes
Turn   | Place    | Note
-------+----------+-------------------------------------------
     0 | D        | Groucho the Gargoyle Fighter began the quest for the Orb.
     0 | D        | Reached XP level 1. HP: 14/14 MP: 1/1
   111 | D        | Noticed a phantom
   111 | D        | Noticed an orc wizard
   127 | D        | Reached XP level 2. HP: 20/20 MP: 2/2
   134 | D        | Reached XP level 3. HP: 17/24 MP: 3/3
   142 | D        | Killed a phantom
   142 | D        | Reached skill level 5 in Fighting
   142 | D        | Reached skill level 5 in Armour
   142 | D        | Reached skill level 5 in Shields
   142 | D        | Reached XP level 4. HP: 13/32 MP: 4/4
   142 | D        | Reached XP level 5. HP: 15/36 MP: 5/5
   515 | D        | Found a roughly hewn altar of Beogh.
   515 | D        | Found a snail-covered altar of Cheibriados.
   515 | D        | Found a shadowy altar of Dithmenos.
   515 | D        | Found a white marble altar of Elyvilon.
   515 | D        | Found a blossoming altar of Fedhas.
   515 | D        | Found an opulent altar of Gozag.
   516 | D        | Found a hazy altar of Hepliaklqana.
   517 | D        | Found a viscous altar of Jiyva.
   518 | D        | Found an ancient bone altar of Kikubaaqudgha.
   519 | D        | Became a worshipper of Cheibriados the Contemplative
   520 | D        | Found a corrupted altar of Lugonu.
   521 | D        | Found a burning altar of Makhleb.
   522 | D        | Found a sparkling altar of Nemelex Xobeh.
   523 | D        | Found an iron altar of Okawaru.
   524 | D        | Found a stormy altar of Qazlal.
   525 | D        | Found a sacrificial altar of Ru.
   526 | D        | Found a deep blue altar of Sif Muna.
   527 | D        | Found a bloodstained altar of Trog.
   528 | D        | Found a hide-covered altar of Uskayaw.
   529 | D        | Found a radiant altar of Vehumet.
   530 | D        | Found a shimmering altar of Xom.
   531 | D        | Found a basalt altar of Yredelemnul.
   532 | D        | Found a glowing silver altar of Zin.
   533 | D        | Found a glowing golden altar of the Shining One.
   592 | D        | Noticed a centaur
   592 | D        | Noticed a centaur
   610 | D        | Killed a centaur
   610 | D        | Reached * piety under Cheibriados
   613 | D        | Killed a centaur
   613 | D        | Reached XP level 6. HP: 29/44 MP: 5/8
   625 | D        | Reached ** piety under Cheibriados
   939 | D        | Noticed a troll
   939 | D        | Noticed an orc warrior
   939 | D        | Noticed a tengu conjurer
   953 | D        | Killed an unseen horror
   953 | D        | Reached *** piety under Cheibriados
   953 | D        | Reached skill level 5 in Dodging
   953 | D        | Reached XP level 7. HP: 45/51 MP: 9/12
   953 | D        | Reached XP level 8. HP: 50/56 MP: 9/13
   956 | D        | Reached **** piety under Cheibriados
   962 | D        | Killed a troll
   976 | D        | Killed a tengu conjurer
  1122 | D        | Noticed a hippogriff
  1122 | D        | Noticed a spiny frog
  1122 | D        | Noticed a komodo dragon
  1123 | D        | Noticed a four-headed hydra
  1128 | D        | Reached ***** piety under Cheibriados
  1128 | D        | Reached skill level 10 in Fighting
  1128 | D        | Reached skill level 10 in Armour
  1133 | D        | Reached skill level 10 in Maces & Flails
  1134 | D        | Noticed a four-headed hydra
  1140 | D        | Killed a hippogriff
  1140 | D        | Reached XP level 9. HP: 42/62 MP: 15/15
  1145 | D        | Killed a spiny frog
  1156 | D        | Killed a komodo dragon
  1161 | D        | Killed a four-headed hydra
  1170 | D        | Killed a four-headed hydra
  1170 | D        | Reached skill level 10 in Invocations
  1170 | D        | Reached XP level 10. HP: 28/71 MP: 17/17
  1175 | D        | Reached ****** piety under Cheibriados
  1929 | D        | Noticed an elephant
  1929 | D        | Noticed an elephant
  1929 | D        | Noticed an elephant
  1929 | D        | Noticed an elephant
  1929 | D        | Noticed an elephant
  1929 | D        | Noticed an elephant
  1930 | D        | Noticed an elephant
  1936 | D        | Killed an elephant
  1949 | D        | Killed an elephant
  1958 | D        | Killed an elephant
  1963 | D        | Killed an elephant
  1968 | D        | Killed an elephant
  1968 | D        | Reached XP level 11. HP: 59/78 MP: 19/19
  2075 | D        | Noticed Maurice
  2080 | D        | Noticed Grum
  2092 | D        | Killed Maurice
  2095 | D        | Killed Grum
  2153 | D        | Noticed an orc knight
  2153 | D        | Noticed a stone giant
  2160 | D        | Killed a stone giant
  2160 | D        | Reached skill level 10 in Dodging
  2164 | D        | Killed an orc knight
  2223 | D        | Noticed an orc knight
  2223 | D        | Noticed an orc high priest
  2227 | D        | Killed an orc high priest
  2229 | D        | Killed an orc knight
  2232 | D        | Noticed an orc knight
  2246 | D        | Killed an orc knight
  2509 | D        | Found Qipsonugimp's Distillery.
  2509 | D        | Noticed an orc high priest
  2509 | D        | Noticed an orc high priest
  2509 | D        | Noticed an orc high priest
  2509 | D        | Noticed an orc high priest
  2513 | D        | Killed an orc high priest
  2513 | D        | Killed an orc high priest
  2513 | D        | Reached XP level 12. HP: 86/86 MP: 7/22
  2515 | D        | Found Redah's Armour Shoppe.
  2520 | D        | Killed an orc high priest
  2527 | D        | Killed an orc high priest
  2529 | D        | Found Tutajofigu's Weapon Emporium.
  2531 | D        | Noticed an orc high priest
  2532 | D        | Found Jujyud's Armour Shoppe.
  2534 | D        | Noticed an orc high priest
  2535 | D        | Noticed an orc high priest
  2540 | D        | Killed an orc high priest
  2540 | D        | Reached skill level 15 in Fighting
  2541 | D        | Noticed an orc high priest
  2545 | D        | Killed an orc high priest
  2545 | D        | Reached skill level 15 in Armour
  2549 | D        | Killed an orc high priest
  2550 | D        | Killed an orc high priest
  3113 | D        | Bought a +1 shield of reflection for 162 gold pieces
  3390 | D        | Got the +6 scythe "Beetleslayer" {venom, +Inv rC+ Str+3}
  3450 | D        | Noticed a frost giant
  3467 | D        | Noticed a white very ugly thing
  3470 | D        | Killed a frost giant
  3470 | D        | Reached skill level 15 in Maces & Flails
  3478 | D        | HP: 4/88 [white very ugly thing (48)]
  3479 | D        | Demolished by a white very ugly thing

Skill      XL: |  1  2  3  4  5  6  7  8  9 10 11 12 |
---------------+-------------------------------------+-----
Fighting       | 4 5 7 9 10 11 13 14 15 | 15.8
Maces & Flails | 3 4 6 7 9 10 11 12 13 15 | 15.0
Armour         | 4 5 7 9 10 11 12 14 15 | 15.7
Shields        | 4 5 |  5.8
Dodging        | 2 5 6 8 9 10 11 | 11.9
Invocations    | 3 6 8 10 11 13 14 | 14.8

Action                   |  1- 3 |  4- 6 |  7- 9 | 10-12 || total
-------------------------+-------+-------+-------+-------++-------
Melee: Flail             |    39 |       |       |       ||    39
       Dire flail        |       |    52 |    68 |   235 ||   355
Invok: Slouch            |       |       |       |    15 ||    15
       Bend Time         |       |       |       |     1 ||     1
  Use: Potion            |     4 |       |     1 |     2 ||     7
 Stab: Distracted        |       |       |       |     1 ||     1
  Eat: Chunk             |       |       |       |     1 ||     1
       Meat ration       |       |       |       |     1 ||     1
Armor: Scale mail        |    12 |       |       |       ||    12
       Ring mail         |       |    51 |    39 |    44 ||   134
       Chain mail        |       |       |       |     3 ||     3
Dodge: Dodged            |    12 |    22 |    70 |   124 ||   228
Block: Shield            |    16 |       |       |       ||    16
